 Dungeon Crawl Stone Soup version 0.18.1-50-g88ac8fd (webtiles) character file.

7704 Gargoyl the Protected (level 11, 0/100 HPs)
             Began as a Demonspawn Abyssal Knight on Sept 14, 2016.
             Was the Champion of Lugonu.
             Slain by syranez's ghost (1 damage)
             ... on level 10 of the Dungeon.
             The game lasted 00:26:28 (13241 turns).

Gargoyl the Protected (Demonspawn Abyssal Knight)  Turns: 13241, Time: 00:26:30

Health: 0/100      AC: 12    Str: 20      XL:     11   Next: 0%
Magic:  13/13      EV: 14    Int: 13 (15) God:    Lugonu [******]
Gold:   181        SH:  5    Dex: 17 (19) Spells: 0 memorised, 10 levels left

rFire  . . .     SeeInvis .     u - +1 war axe (venom)
rCold  + . .     Gourm    .     C - +0 plate armour
rNeg   . . .     Faith    +     h - +0 buckler
rPois  .         Spirit   .     (helmet restricted)
rElec  .         Dismiss  .     a - +0 cloak
rCorr  .         Reflect  .     n - +0 pair of gloves
SustAt .         Harm     .     (no boots)
MR     .....     Clarity  +     s - amulet of faith
Stlth  ..........               (no ring)
                                t - ring of flight

@: agile, berserking (expiring), very quick, not resistant to hostile
enchantments, extremely unstealthy
A: antennae 2, talons 1, thin skeletal structure 2, clarity, clumsy 1, cold
resistance 1, deformed body, deterioration 1, frail 2, powered by pain 1, spiny
2, evolution 1, subdued magic 1
a: Depart the Abyss, Bend Space, Banish, Corrupt, Enter the Abyss, Brand Weapon
With Distortion, Renounce Religion, Evoke Flight


You were on level 10 of the Dungeon.
You worshipped Lugonu.
Lugonu was exalted by your worship.
You were not hungry.

You visited 1 branch of the dungeon, and saw 10 of its levels.
You visited the Abyss 1 time.
You also visited: Sewer and Bailey.

You collected 512 gold pieces.
You spent 331 gold pieces at shops.

Inventory:

Hand Weapons
 e - a +0 broad axe
 u - a +1 war axe of venom (weapon)
 v - a +0 war axe
 A - a +0 spear
Missiles
 x - 33 tomahawks (quivered)
Armour
 a - a +0 cloak (worn)
 h - a +0 buckler (worn)
 n - a +0 pair of gloves (worn)
 C - a +0 plate armour (worn)
Jewellery
 s - an amulet of faith (around neck)
 t - a ring of flight (left hand)
Wands
 d - a wand of polymorph (7/24)
 f - a wand of flame (27/48)
 p - a wand of disintegration (0/24)
 E - a wand of random effects (19/48)
Scrolls
 j - a scroll of identify
 y - 6 scrolls of blinking
Potions
 l - a potion of haste
 m - 2 potions of brilliance
 z - 2 potions of might
 B - a potion of flight
 D - a potion of cancellation
Books
 g - a book of Summonings

   Spells                             Type                      Level
   a - Recall                         Summoning/Translocation      3
   b - Aura of Abjuration             Summoning                    5
   c - Summon Demon                   Summoning                    5
   d - Summon Forest                  Summoning/Translocation      5
   e - Summon Mana Viper              Hexes/Summoning              5
   f - Shadow Creatures               Summoning                    6
Comestibles
 b - 5 meat rations
 c - 7 bread rations
 k - 7 royal jellies
 r - a slice of pizza
 w - 2 beef jerkies


   Skills:
 + Level 7.0 Fighting
 + Level 6.1 Axes
 + Level 0.3(3.7) Polearms
 + Level 2.1 Throwing
 * Level 10.8 Armour
 + Level 5.4 Dodging
 + Level 1.2 Stealth
 + Level 4.0 Shields
 + Level 2.8 Invocations
 + Level 1.1 Evocations


You had 10 spell levels left.
You didn't know any spells.

Dungeon Overview and Level Annotations

Branches:
Dungeon (10/15)            Temple (0/1) D:5            Lair (0/8) D:10
    Orc: D:9-12

Altars:
Kikubaaqudgha
Okawaru
Ru
Sif Muna
Vehumet
Xom
Yredelemnul

Shops:
D:6 !

Annotations:
D:10 syranez's ghost, journeyman FoFi


Innate Abilities, Weirdness & Mutations

You have a pair of antennae on your head.
You have a moderately thin skeletal structure (Dex +4, Stealth+).
You sometimes gain a little power by taking damage.
You are mostly covered in sharp spines.
You have sharp toenails.
You possess an exceptional clarity of mind.
You are clumsy. (Dex -2)
Your flesh is cold resistant.
Armour fits poorly on your strangely shaped body.
Your body sometimes deteriorates upon taking damage.
You are very frail (-20% HP).
You evolve.
Your spells are a little easier to cast, but a little less powerful.


Message History

Syranez's ghost is severely damaged.
Syranez's ghost is struck by your spines.
Syranez's ghost closely misses you.
You hit syranez's ghost.
You claw syranez's ghost, but do no damage.
Syranez's ghost is severely damaged.
Syranez's ghost hits you!
* * * LOW HITPOINT WARNING * * *
x2 Unknown command.
Your plate armour prevents you from hitting syranez's ghost.
You claw syranez's ghost.
Syranez's ghost is severely damaged.
You block syranez's ghost's attack.
You hit syranez's ghost but do no damage.
You claw syranez's ghost.
Syranez's ghost is almost destroyed.
Syranez's ghost is struck by your spines.
Syranez's ghost hits you.
* * * LOW HITPOINT WARNING * * *
You die...

#######
#.....#
#.@...# .
#[)W..# ..
#..####...
#..# .....
#..#o.....
#....o.ho.
#....o{.W>
#.........
#..#.....o


You could see syranez's ghost.

Vanquished Creatures
  The ghost of syranez the Shield-Bearer, a novice FoFi of Trog (D:6)
  A queen bee (D:8)
  A troll (D:9)
  3 yaks (D:9)
  3 wargs (D:9)
  Duvessa (D:4)
  6 orc warriors
  4 sky beasts
  7 ice beasts
  A wasp (D:9)
  2 phantoms
  7 ogres
  5 centaurs
  2 big kobolds (D:8)
  6 giant frogs
  Dowan (D:4)
  A scorpion (D:8)
  16 killer bees
  2 howler monkeys (D:9)
  3 crimson imps
  A giant frog zombie (D:6)
  2 hounds
  7 orc priests
  A gnoll shaman (D:3)
  13 orc wizards
  7 iguanas
  7 worker ants
  3 hound skeletons
  A worker ant zombie (D:8)
  A howler monkey skeleton (D:7)
  13 adders
  15 gnolls
  4 shadow imps
  16 oozes
  2 adder zombies (D:9)
  An adder skeleton (D:7)
  4 worms
  16 giant geckos
  34 orcs
  4 bats
  16 giant cockroaches
  8 goblins
  7 hobgoblins
  9 jackals
  4 quokkas
  10 ball pythons (Sewer)
  2 giant gecko zombies (D:7)
  13 giant newts
  2 jackal skeletons
  16 kobolds
  10 rats
  A butterfly (D:5)
323 creatures vanquished.

Notes
Turn   | Place    | Note
--------------------------------------------------------------
     0 | Abyss:1  | Gargoyl the Demonspawn Abyssal Knight began the quest for the Orb.
     0 | Abyss:1  | Reached XP level 1. HP: 18/18 MP: 2/2
    44 | Abyss:1  | Found a corrupted altar of Lugonu.
   122 | Abyss:1  | Noticed a wretched star
   123 | D:1      | Escaped the Abyss
   233 | D:1      | Reached * piety under Lugonu
   277 | D:1      | Reached skill level 2 in Armour
   277 | D:1      | Gained mutation: You are partially covered in sharp spines. [demonic ancestry]
   277 | D:1      | Reached XP level 2. HP: 23/24 MP: 3/3
   566 | D:1      | Reached skill level 1 in Dodging
   991 | D:2      | Gained mutation: You have a somewhat thin skeletal structure (Dex +2, Stealth). [demonic ancestry]
   991 | D:2      | Reached XP level 3. HP: 30/30 MP: 4/4
  1339 | D:2      | Reached ** piety under Lugonu
  1891 | D:3      | Reached XP level 4. HP: 35/37 MP: 6/6
  1909 | D:3      | Reached skill level 3 in Armour
  1909 | D:3      | Gained mutation: You are mostly covered in sharp spines. [demonic ancestry]
  1909 | D:3      | Reached XP level 5. HP: 19/42 MP: 7/7
  2379 | D:4      | Noticed a phantom
  2658 | D:3      | Gained mutation: You have a moderately thin skeletal structure (Dex +4, Stealth+). [demonic ancestry]
  2658 | D:3      | Reached XP level 6. HP: 26/48 MP: 8/8
  2815 | D:3      | Reached skill level 4 in Armour
  2930 | D:4      | Found a basalt altar of Yredelemnul.
  2937 | D:4      | Reached *** piety under Lugonu
  2938 | D:4      | Noticed Duvessa
  2939 | D:4      | Noticed Dowan
  2950 | D:4      | Killed Duvessa
  2950 | D:4      | Gained mutation: You have a pair of small antennae on your head. [demonic ancestry]
  2950 | D:4      | Reached XP level 7. HP: 55/55 MP: 9/9
  2957 | D:4      | Killed Dowan
  3221 | D:4      | Found an ancient bone altar of Kikubaaqudgha.
  3720 | D:5      | Entered Level 5 of the Dungeon
  3753 | D:5      | Found a glowing drain.
  3763 | D:5      | Reached skill level 1 in Shields
  3768 | D:5      | Reached skill level 5 in Armour
  3773 | Sewer    | Entered a sewer
  3799 | Sewer    | Reached **** piety under Lugonu
  3944 | Sewer    | Reached ***** piety under Lugonu
  4017 | Sewer    | Reached XP level 8. HP: 47/61 MP: 10/10
  4488 | D:5      | Found a staircase to the Ecumenical Temple.
  5228 | D:6      | Reached skill level 5 in Fighting
  5228 | D:6      | Reached skill level 6 in Armour
  5228 | D:6      | Reached skill level 1 in Stealth
  5590 | D:6      | Found a shimmering altar of Xom.
  5917 | D:6      | Noticed syranez's ghost (novice FoFi)
  5927 | D:6      | Killed syranez's ghost
  5927 | D:6      | Reached skill level 1 in Throwing
  5927 | D:6      | Reached skill level 7 in Armour
  5927 | D:6      | Reached skill level 5 in Dodging
  5927 | D:6      | Gained mutation: You sometimes gain a little power by taking damage. [demonic ancestry]
  5927 | D:6      | Reached XP level 9. HP: 61/68 MP: 11/11
  6002 | D:6      | Found Nenwetosch's Distillery.
  6089 | D:6      | Bought a potion of lignification for 39 gold pieces
  6089 | D:6      | Bought a potion of curing for 39 gold pieces
  6089 | D:6      | Bought a potion of might for 52 gold pieces
  6089 | D:6      | Bought a potion of ambrosia for 104 gold pieces
  6089 | D:6      | Bought a potion of berserk rage for 65 gold pieces
  6089 | D:6      | Bought a potion of mutation for 32 gold pieces
  6090 | D:6      | Gained mutation: Your body sometimes deteriorates upon taking damage. [potion of mutation]
  6090 | D:6      | Gained mutation: You are frail (-10% HP). [potion of mutation]
  6090 | D:6      | Gained mutation: You have a pair of antennae on your head. [potion of mutation]
  6874 | D:7      | Found a deep blue altar of Sif Muna.
  7085 | D:7      | Reached skill level 8 in Armour
  7104 | D:7      | Gained mutation: You are dopey. (Int -2) [mutagenic meat]
  7105 | D:7      | Gained mutation: Your flesh is cold resistant. [mutagenic meat]
  7106 | D:7      | Gained mutation: Armour fits poorly on your strangely shaped body. [mutagenic meat]
  7107 | D:7      | Gained mutation: You possess an exceptional clarity of mind. [mutagenic meat]
  7885 | D:8      | Reached skill level 9 in Armour
  7934 | D:8      | Found an iron altar of Okawaru.
  8278 | D:8      | Reached XP level 10. HP: 31/68 MP: 12/12
  8280 | D:8      | Reached skill level 5 in Axes
  8281 | D:8      | Reached ****** piety under Lugonu
  8582 | D:8      | Reached skill level 1 in Evocations
  9503 | D:9      | Found a flagged portal.
  9515 | D:9      | Reached skill level 10 in Armour
  9530 | Bailey   | Entered a bailey
  9575 | Bailey   | Noticed an orc knight
 11457 | D:9      | Found a radiant altar of Vehumet.
 11464 | D:9      | Found a sacrificial altar of Ru.
 12108 | D:9      | Gained mutation: Your spells are a little easier to cast, but a little less powerful. [mutagenic meat]
 12109 | D:9      | Gained mutation: You evolve. [mutagenic meat]
 12110 | D:9      | Gained mutation: You are very frail (-20% HP). [mutagenic meat]
 12111 | D:9      | Lost mutation: You are dopey. (Int -2) [mutagenic meat]
 12112 | D:9      | Gained mutation: You are clumsy. (Dex -2) [mutagenic meat]
 12113 | D:9      | Gained mutation: You have sharp toenails. [mutagenic meat]
 12393 | D:10     | Entered Level 10 of the Dungeon
 12397 | D:10     | Found a staircase to the Lair.
 12399 | D:10     | Noticed syranez's ghost (journeyman FoFi)
 12981 | D:10     | Reached XP level 11. HP: 48/67 MP: 13/13
 13239 | D:10     | HP: 4/100 [syranez's ghost (9)]
 13241 | D:10     | HP: 1/100 [syranez's ghost (3)]
 13241 | D:10     | Slain by syranez's ghost

Skill      XL: |  1  2  3  4  5  6  7  8  9 10 |
---------------+-------------------------------+-----
Armour         | 2 3 4 5 7 9 10 | 10.8
Dodging        | 1 2 4 5 |  5.4
Axes           | 2 3 4 6 |  6.1
Fighting       | 4 5 6 7 |  7.0
Shields        | 1 2 3 4 |  4.0
Stealth        | 1 |  1.2
Throwing       | 1 2 |  2.1
Evocations     | 1 |  1.1
Polearms       | |  0.3
Invocations    | |  2.8

Action                   |  1- 3 |  4- 6 |  7- 9 | 10-12 || total
-------------------------+-------+-------+-------+-------++-------
Melee: Hand axe          |    78 |    11 |       |       ||    89
       War axe           |       |    39 |   247 |   173 ||   459
       Spear             |       |       |       |    42 ||    42
       Kick              |       |       |       |    18 ||    18
Throw: Javelin           |       |       |    11 |     6 ||    17
Invok: Depart the Abyss  |     1 |       |       |       ||     1
 Abil: Evoke Flight      |       |       |     1 |       ||     1
Evoke: Wand              |       |       |     2 |       ||     2
  Use: Potion            |       |     2 |     8 |     6 ||    16
       Scroll            |       |       |     9 |     3 ||    12
 Stab: Sleeping          |       |     1 |       |       ||     1
  Eat: Chunk             |     3 |     4 |    21 |    17 ||    45
       Bread ration      |       |       |       |     1 ||     1
       Royal jelly       |       |       |       |     1 ||     1
       Fruit             |       |       |       |     1 ||     1
       Pizza             |       |       |       |     1 ||     1
Armor: Ring mail         |    23 |    15 |     2 |       ||    40
       Chain mail        |       |       |    47 |       ||    47
       Plate armour      |       |       |    93 |   110 ||   203
       Skin              |       |       |       |     7 ||     7
Dodge: Dodged            |    28 |    14 |    98 |    68 ||   208
Block: Buckler           |    11 |    15 |    64 |    61 ||   151
